 Seeded DCSS version 0.30.1-11-g7821555f0a (webtiles) character file.

Game seed: 10574354823592160604 (custom seed)

1012 Psyclone the Destroyer (level 8, -5/41 HPs)
             Began as a Deep Elf Conjurer on Nov 20, 2023.
             Shot with an arrow by a centaur (15 damage)
             ... on level 5 of the Dungeon.
             The game lasted 00:04:02 (1862 turns).

Psyclone the Destroyer (Deep Elf Conjurer)          Turns: 1862, Time: 00:04:03

Health: -5/41      AC:  5    Str:  4    XL:     8   Next: 1%
Magic:  23/23      EV: 12    Int: 26    God:
Gold:   132        SH:  0    Dex: 13    Spells: 14/25 levels left

rFire   . . .        d - +4 dagger
rCold   . . .        (no shield)
rNeg    . . .        a - +0 robe
rPois   +            j - +0 helmet
rElec   +            (no cloak)
rCorr   .            (no gloves)
SInv    +            (no boots)
Will    .....        (no amulet)
Stlth   ++           (no ring)
HPRegen 0.26/turn    (no ring)
MPRegen 0.18/turn

%: random rage (3%)
@: studying Stealth
A: iridescent scales 1, see invisible, berserk 1, poison resistance, electricity
resistance, wild magic 1
a: no special abilities


You were on level 5 of the Dungeon.
You visited 1 branch of the dungeon, and saw 5 of its levels.
You also visited: Sewer.

You collected 132 gold pieces.

Inventory:

Hand Weapons
 d - a +4 dagger (weapon)
Missiles
 l - a throwing net {!f}
Armour
 a - a +0 robe (worn)
 j - a +0 helmet (worn)
 k - a +0 leather armour
Scrolls
 e - 2 scrolls of identify {unknown}
 f - a scroll of enchant armour {unknown}
 g - a scroll of amnesia {unknown}
 h - 2 scrolls of teleportation
 i - a scroll of magic mapping {unknown}
Potions
 b - a potion of magic
 c - 4 potions of flight
 m - a potion of attraction {unknown}


   Skills:
 - Level 2.4 Dodging
 - Level 2.4 Stealth
 + Level 9.3 Spellcasting
 + Level 9.7 Conjurations
 * Level 5.1 Hexes
 * Level 4.0 Translocations


You had 14 spell levels left.
You knew the following spells:

 Your Spells              Type           Power      Damage    Failure   Level
a - Magic Dart            Conj           100%       1d8       1%          1
b - Searing Ray           Conj           100%       2d8       1%          2
d - Fulminant Prism       Conj/Hex       30%        3d16      4%          4
e - Iskenderun's Mystic   Conj/Tloc      58%        2d12      4%          4

Your spell library contained the following spells:

 Spells                   Type           Power      Damage    Failure   Level
 Dazzling Flash           Conj/Hex       100%       N/A       1%          3


Dungeon Overview and Level Annotations

Branches:
Dungeon (5/15) Zot: 26383   Sewer (visited)
 Temple: D:4-7

Altars:
Cheibriados
Hepliaklqana


Innate Abilities, Weirdness & Mutations

You are partially covered in iridescent scales. (AC +2)
You have supernaturally acute eyesight. (SInv)
You sometimes lose your temper in combat.
Your system is resistant to poisons. (rPois)
You are resistant to electric shocks. (rElec)
Your spells are a little harder to cast, but a little more powerful.


Message History

Casting: Searing Ray (safe; 1% risk of failure)
Confirm with . or Enter, or press ? or * to list all spells.
Aiming: Searing Ray (safe; 1% risk of failure)
Press: ? - help, Shift-Dir - straight line, f - gnoll
Aim: a gnoll, wielding a +0 club (85% to hit)
The searing ray hits the gnoll!
The gnoll is almost dead. (Press . to maintain the ray.)
You now have 6/21 mp.
The searing ray hits the gnoll.
You kill the gnoll!
You have reached level 8!
You feel clever.
Health restored: 41 The searing ray hits the gnoll!
The gnoll is heavily wounded.
You now have 5/23 mp.
The searing ray hits the gnoll!
You kill the gnoll!
You finish channelling your searing ray.
You now have 4/23 mp.
l - a throwing net {!f} Magic restored.
Items here: )))) [[ †.
Things that are here:
a +0 short sword; a +0 dagger; a +0 whip
Found an escape hatch in the floor.
MP restored: 23 You pick up a manual of Stealth and begin studying.
m - a sedimented yellow potion
Found 6 stones.
A centaur comes into view.
The centaur wields a +0 shortbow.
The centaur shoots an arrow.
The arrow closely misses you.
The centaur shoots an arrow.
The arrow hits you!
You take 13 damage, and have 28/41 hp.
MASSIVE DAMAGE!!
The centaur shoots an arrow.
The arrow hits you.
You take 6 damage, and have 22/41 hp.
The centaur shoots an arrow.
The arrow hits you!
* * * LOW HITPOINT WARNING * * *
The centaur shoots an arrow.
The arrow hits you!
You die...

#..........#
#.#
#..#.##..#.#
#.#
#..##...##.#
#.#
##..##.##..#
#.#
##........#
#.#
######.#.###(#
#...........#
#.#########.#
#@# #.# #c#
#.# # ... #
#.# # #.# #
#.# #


You could see a centaur.

Vanquished Creatures
  A wyvern (D:5)
  An ice beast (D:5)
  2 centaurs (D:5)
  5 scorpions
  A hound (D:5)
  A jelly (D:5)
  An orc wizard (D:5)
  A sickly merfolk siren (Sewer)
  A malarious merfolk avatar (Sewer)
  3 gnolls (D:5)
  5 adders
  3 river rats (Sewer)
  3 worms
  A dart slug (D:1)
  7 orcs (D:5)
  6 giant cockroaches
  2 goblins (D:1)
  2 quokkas
  4 ball pythons (Sewer)
  2 bats (D:1)
  2 frilled lizards
  2 kobolds (D:1)
  22 rats
78 creatures vanquished.

Notes
Turn   | Place    | Note
-------+----------+-------------------------------------------
     0 | D:1      | Psyclone the Deep Elf Conjurer began the quest for the Orb.
     0 | D:1      | Reached XP level 1. HP: 10/10 MP: 6/6
    60 | D:1      | Gained mutation: You sometimes lose your temper in combat.
                  | [potion of mutation]
    60 | D:1      | Gained mutation: You have an uncontrollable temper. [potion
                  | of mutation]
    60 | D:1      | Gained mutation: You do not regenerate when monsters are
                  | visible. [potion of mutation]
    60 | D:1      | Gained mutation: You have hidden genetic potential. [potion
                  | of mutation]
   224 | D:1      | Reached XP level 2. HP: 15/15 MP: 6/8
   224 | D:1      | Gained mutation: Your spells are a little harder to cast,
                  | but a little more powerful. [hidden potential]
   255 | D:2      | Learned a level 2 spell: Searing Ray
   323 | D:2      | Reached skill level 5 in Conjurations
   367 | D:2      | Reached XP level 3. HP: 19/19 MP: 9/14
   483 | D:3      | Gained mutation: Your mind is acute. (Int +4, Str/Dex -1)
                  | [hidden potential]
   483 | D:3      | Lost mutation: You have hidden genetic potential. [hidden
                  | potential expressed]
   496 | D:3      | Lost mutation: Your mind is acute. (Int +4, Str/Dex -1)
                  | [potion of mutation]
   496 | D:3      | Lost mutation: You do not regenerate when monsters are
                  | visible. [potion of mutation]
   496 | D:3      | Gained mutation: You have hidden genetic potential. [potion
                  | of mutation]
   496 | D:3      | Gained mutation: You are robust. (+10% HP) [potion of
                  | mutation]
   496 | D:3      | Gained mutation: You are partially covered in iridescent
                  | scales. (AC +2) [potion of mutation]
   521 | D:3      | Found a hazy altar of Hepliaklqana.
   536 | D:4      | Noticed a scorpion
   536 | D:4      | Found a snail-covered altar of Cheibriados.
   543 | D:4      | Killed a scorpion
   544 | D:4      | Reached XP level 4. HP: 25/26 MP: 6/15
   557 | D:4      | Gained mutation: You have an increased reservoir of magic.
                  | (+10% MP) [hidden potential]
   623 | D:5      | Entered Level 5 of the Dungeon
   623 | D:5      | Noticed a scorpion
   624 | D:5      | Noticed a scorpion
   631 | D:5      | Killed a scorpion
   632 | D:5      | Reached XP level 5. HP: 30/30 MP: 8/19
   634 | D:5      | Gained mutation: You have supernaturally acute eyesight.
                  | (SInv) [hidden potential]
   634 | D:5      | Lost mutation: You have hidden genetic potential. [hidden
                  | potential expressed]
   649 | D:5      | Lost mutation: You are robust. (+10% HP) [potion of
                  | mutation]
   649 | D:5      | Lost mutation: You have an uncontrollable temper. [potion
                  | of mutation]
   649 | D:5      | Lost mutation: You have an increased reservoir of magic.
                  | (+10% MP) [potion of mutation]
   649 | D:5      | Gained mutation: Your system is resistant to poisons.
                  | (rPois) [potion of mutation]
   649 | D:5      | Gained mutation: You are resistant to electric shocks.
                  | (rElec) [potion of mutation]
   700 | D:5      | Noticed a wyvern
   704 | D:5      | Reached XP level 6. HP: 27/32 MP: 15/19
   723 | D:5      | Killed a wyvern
   724 | D:5      | Reached XP level 7. HP: 24/36 MP: 11/21
   911 | D:5      | Found a glowing drain.
   915 | Sewer    | Entered a sewer
  1017 | Sewer    | Learned a level 4 spell: Fulminant Prism
  1022 | Sewer    | Learned a level 4 spell: Iskenderun's Mystic Blast
  1634 | D:5      | Reached skill level 5 in Hexes
  1647 | D:5      | Reached XP level 8. HP: 41/41 MP: 6/23
  1862 | D:5      | Shot with an arrow by a centaur

Illustrated notes

Levels and vault maps discovered:
D:1:      doesnt_arrival_eight_statues, layout_loops_ring, serial_shops, shop
D:2:      layout_basic
D:3:      layout_loops_ring, mainiacjoe_overflow_brackets
D:4:      layout_layer_cave, nzn_wu_jian_council_hall,
          mainiacjoe_overflow_tiny_flanked, uniq_sigmund
D:5:      layout_loops_ring, kennysheep_orc_sif_temple, old_standard_altar,
          gup_sewer_entry_spiral, minmay_manual_mares, uniq_crazy_yiuf_cottage,
          uniq_eustachio, uniq_grinder

Skill      XL: |  1  2  3  4  5  6  7 |
---------------+----------------------+-----
Conjurations   | 7 8 9 |  9.7
Spellcasting   | 7 8 9 |  9.3
Hexes          | 4 5 |  5.1
Translocations | 3 4 |  4.0
Dodging        | |  2.4
Stealth        | |  2.4

Action                     |  1- 3 |  4- 6 |  7- 9 || total
---------------------------+-------+-------+-------++-------
  Melee: Dagger            |       |       |     1 ||     1
   Cast: Magic Dart        |    18 |     3 |    47 ||    68
         Searing Ray       |     6 |     5 |    18 ||    29
    Use: Potion            |     3 |     1 |       ||     4
 Armour: Robe              |       |     2 |     2 ||     4
  Dodge: Dodged            |     2 |     6 |    21 ||    29
